 Dungeon Crawl Stone Soup version 0.27.0-1-g7a089689b8 (webtiles) character file.

Game seed: 11806347403998871334

151 stebl the Insei (level 5, -7/35 HPs)
             Began as an Octopode Transmuter on Aug 10, 2021.
             Mangled by an iguana (11 damage)
             ... on level 3 of the Dungeon.
             The game lasted 00:20:09 (4402 turns).

stebl the Insei (Octopode Transmuter)               Turns: 4402, Time: 00:20:09

Health: -7/35      AC:  2    Str: 10    XL:     5   Next: 33%
Magic:  16/17      EV: 19    Int: 16    God:
Gold:   130        SH:  0    Dex: 17    Spells: 2/8 levels left

rFire    . . .     SeeInvis .     - Unarmed
rCold    . . .     Faith    .   (shield currently unavailable)
rNeg     . . .     Spirit   .   (helmet currently unavailable)
rPois    x         Reflect  .   (no amulet)
rElec    .         Harm     .   h - ring of magical power
rCorr    .         Rampage  .   (no ring)
Will     .....                  (no ring)
Stlth    ++........             (no ring)
HPRegen  0.11/turn              (no ring)
MPRegen  0.15/turn              (no ring)
                                (no ring)
                                (no ring)

@: spider-form (expiring)
A: venomous fangs, almost no armour, (amphibious), 8 rings, tiny, (camouflage
1), (gelatinous body 1), (nimble swimmer 1), (tentacles)
a: End Transformation


You were on level 3 of the Dungeon.
You were a venomous arachnid creature.
You visited 1 branch of the dungeon, and saw 4 of its levels.

You collected 130 gold pieces.

Inventory:

Missiles
 a - 79 stones (quivered)
Armour
 g - a +2 buckler
Jewellery
 h - a ring of magical power (left front leg)
Scrolls
 d - a scroll of blinking {unknown}
 e - a scroll of teleportation {unknown}
 f - a scroll of acquirement {unknown}
 j - a scroll of noise {unknown}
Potions
 b - 2 potions of might
 c - a potion of heal wounds
 i - a potion of lignification {unknown}


   Skills:
 + Level 2.6 Fighting
 + Level 2.2 Dodging
 + Level 4.3 Unarmed Combat
 - Level 2.0 Spellcasting
 - Level 3.0 Transmutations
 - Level 1.0 Poison Magic


You had 2 spell levels left.
You knew the following spells:

 Your Spells              Type           Power      Damage    Failure   Level
a - Beastly Appendage     Tmut           22%        N/A       17%         1
b - Wereblood             Tmut           11%        N/A       22%         2
c - Spider Form           Tmut/Pois      4%         N/A       47%         3

Your spell library contained the following spells:

 Spells                   Type           Power      Damage    Failure   Level
 Inner Flame              Hex/Fire       1%         N/A       73%         3
 Ice Form                 Ice/Tmut       6%         N/A       88%         4
 Cause Fear               Hex            0%         N/A       97%         4
 Discord                  Hex            0%         N/A       100%        8


Dungeon Overview and Level Annotations

Branches:
Dungeon (4/15)
 Temple: D:4-7

Altars:
Nemelex Xobeh

Shops:
D:3 (*


Innate Abilities, Weirdness & Mutations

You are a venomous arachnid creature.
You have poisonous fangs.
You are tiny and dextrous.
Your spellcasting is less reliable in this form.
Your armour is entirely melded.
You are incapable of wielding weapons or throwing items.
You cannot wear most types of armour.
((You are amphibious.))
You can wear up to eight rings at the same time.
((Your skin changes colour to match your surroundings (Stealth+).))
((Your rubbery body absorbs attacks. (AC +1, EV +1)))
((You are camouflaged near water. (Stealth+)))
((You have tentacles for arms and can constrict up to eight enemies at once.))


Message History

Done waiting.
Casting: Spider Form (quite dangerous; 26% risk of failure)
Confirm with . or Enter, or press ? or * to list all spells.
The spell is quite dangerous to cast (26% risk of failure)!
Continue anyway?
You turn into a venomous arachnid creature.
You climb upwards.
Level annotation: Terence Terence barely misses you.
There is a stone staircase leading down here.
You barely miss Terence.
The iguana hisses angrily.
Terence barely misses you.
You hit Terence but do no damage.
Terence is poisoned.
Terence hits you with a +2 flail of protection.
You hit Terence but do no damage.
Terence looks as sick as possible!
Terence barely misses you.
You barely miss Terence.
Terence is lightly wounded.
Your transformation is almost over.
Terence barely misses you.
You hit Terence but do no damage.
Terence looks as sick as possible!
Terence is lightly wounded.
Terence completely misses you.
You hit Terence but do no damage.
Terence looks as sick as possible!
Terence is moderately wounded.
The iguana completely misses you.
Terence hits you with a +2 flail of protection!
You hit Terence.
Terence looks as sick as possible!
Terence is severely wounded.
The iguana bites you but does no damage.
Terence hits you with a +2 flail of protection.
You bite Terence!
You kill Terence!
The iguana bites you!
* * * LOW HITPOINT WARNING * * *
You barely miss the iguana. The iguana closely misses you.
You hit the iguana.
The iguana is poisoned.
The iguana is lightly wounded.
The iguana bites you!
You die...

#....# #.#....#######.##....#>#.
#....####.###### #.##)...#.#.
.......##.# #.##.####.#.
...###.##.# #.#.....#.#. ...#
#.##(## #.#####.....
...###.....###########.#####.#...
##......#.....#................##
#.####.##.##.#.#####.#####....#
#.####.##....).s....... #....#
#....#.##.#..#l##....## #....#
####.#....#..#.#.....# #....##
#####.#..#.<....#.....# #.#....
.#....#......##.......# #....##
.#.#..#..........................
.#.......#......... ######.###
....#....#.#....#.. #..........##
....#......#.##.#.. #............


You could see an iguana (very poisoned).

Vanquished Creatures
  Terence (D:3)
  3 adders
  2 worms (D:3)
  3 dart slugs
  2 orcs
  A ball python (D:4)
  5 bats
  9 endoplasms
  3 giant cockroaches
  4 goblins
  9 hobgoblins
  14 jackals
  2 quokkas
  4 frilled lizards
  6 kobolds
  10 rats
78 creatures vanquished.

Notes
Turn   | Place    | Note
-------+----------+-------------------------------------------
     0 | D:1      | stebl the Octopode Transmuter began the quest for the Orb.
     0 | D:1      | Reached XP level 1. HP: 13/13 MP: 3/3
   122 | D:1      | Found a faded altar of an unknown god.
   248 | D:1      | Reached XP level 2. HP: 18/18 MP: 3/5
   270 | D:1      | Learned a level 2 spell: Wereblood
   842 | D:1      | Reached XP level 3. HP: 19/24 MP: 4/6
   953 | D:1      | Learned a level 3 spell: Spider Form
  1131 | D:2      | Found a sparkling altar of Nemelex Xobeh.
  1610 | D:2      | Reached skill level 1 in Poison Magic
  1610 | D:2      | Reached XP level 4. HP: 29/29 MP: 7/7
  1919 | D:2      | Reached skill level 4 in Unarmed Combat
  2254 | D:3      | Noticed Terence
  3393 | D:3      | Found Bojir's Assorted Antiques.
  3432 | D:3      | Found Piofu Jist's Weapon Emporium.
  3483 | D:3      | Noticed a phantom
  3684 | D:4      | Noticed an ogre
  3837 | D:4      | Reached XP level 5. HP: 35/35 MP: 8/8
  4399 | D:3      | Killed Terence
  4402 | D:3      | Mangled by an iguana

Illustrated notes

Levels and vault maps discovered:
D:1:      dpeg_arrival_rooms_b, layout_loops_ring, ebering_ecumenical_altar_webs
D:2:      layout_rooms, basic_altar, chequers_serial_rivers_micro_d
D:3:      layout_basic, serial_shops, nicolae_shop_crystal, shop, uniq_terence
D:4:      cheibrodos_thug_alley, layout_basic, temple_statues, uniq_eustachio

Skill      XL: |  1  2  3  4 |
---------------+-------------+-----
Fighting       | 2 |  2.6
Poison Magic   | 1 |  1.0
Unarmed Combat | 4 |  4.3
Transmutations | 3 |  3.0
Dodging        | |  2.2
Spellcasting   | |  2.0

Action                   |  1- 3 |  4- 6 || total
-------------------------+-------+-------++-------
Melee: Unarmed           |    87 |    90 ||   177
       Kick              |    22 |    15 ||    37
       Constrict         |    24 |    18 ||    42
       Tentacles         |    12 |    10 ||    22
       Punch             |       |     1 ||     1
Throw: Stone             |    10 |    16 ||    26
 Cast: Beastly Appendage |    21 |    27 ||    48
       Wereblood         |     1 |       ||     1
       Spider Form       |       |     4 ||     4
  Use: Scroll            |       |     3 ||     3
 Stab: Sleeping          |     3 |     6 ||     9
Armor: Skin              |     7 |     4 ||    11
Dodge: Dodged            |    48 |    42 ||    90
